 Dungeon Crawl Stone Soup version 0.31-a0-1074-g0b22e4e0f1 (webtiles) character file.

Game seed: 15435113331375483248

224 grandjackal the Trooper (level 5, -3/42 HPs)
             Began as a Mummy Fighter on Nov 29, 2023.
             Slain by Natasha (7 damage)
             ... on level 3 of the Dungeon.
             The game lasted 00:02:09 (2059 turns).

grandjackal the Trooper (Mummy Fighter)             Turns: 2059, Time: 00:02:09

Health: -3/42      AC:  6    Str: 21    XL:     5   Next: 67%
Magic:  5/5        EV:  9    Int:  8    God:
Gold:   93         SH:  4    Dex: 11    Spells: 4/4 levels left

rFire   x . .        a - +0 war axe
rCold   + + +        c - +0 buckler
rNeg    + + +        b - +0 scale mail
rPois   ∞            (no helmet)
rElec   .            e - scarf {repulsion}
rCorr   +            (no gloves)
SInv    .            (no boots)
Will    .....        (no amulet) Stlth
                     j - ring of the Delightful God {+Blink rPois rC+++ Will- rCorr}
HPRegen 0.27/turn    (no ring)
MPRegen 0.09/turn

%: repel missiles, faith
@: no status effects
A: cold resistance 1, negative energy resistance 3, torment resistance 2, heat
vulnerability 1, in touch with death 1, no potions, faith
a: Evoke Blink


You were on level 3 of the Dungeon.
You visited 1 branch of the dungeon, and saw 3 of its levels.

You collected 93 gold pieces.

Inventory:

Hand Weapons
 a - a +0 war axe (weapon)
Armour
 b - a +0 scale mail (worn)
 c - a +0 buckler (worn)
 e - a scarf of repulsion (worn)
Jewellery
 j - the ring of the Delightful God (left hand) {+Blink rPois rC+++ Will- rCorr}
   (You found it on level 2 of the Dungeon)

   [ring of poison resistance]

   rC+++:     It renders you almost immune to cold.
   rPois:     It protects you from poison Will-: It decreases your willpower.
   +Blink:    It lets you blink.
   rCorr:     It protects you from acid and corrosion.
Scrolls
 d - a scroll of enchant armour {unknown}
 f - a scroll of vulnerability {unknown}
 g - 3 scrolls of identify {unknown}
 h - a scroll of immolation {unknown}
 i - a scroll of noise {unknown}


   Skills:
 + Level 4.1 Fighting
 + Level 2.8 Axes
 + Level 3.3 Armour
 + Level 3.3 Shields


You had 4 spell levels left.
You didn't know any spells.
Your spell library was empty.

Dungeon Overview and Level Annotations

Branches:
Dungeon (3/15)

Altars:

Shops:
D:2 :[!:(

Annotations:
D:3 Natasha, Robin


Innate Abilities, Weirdness & Mutations

You are immune to poison.
Your flesh is cold resistant. (rC+)
You are immune to negative energy. (rN+++)
You are immune to unholy pain and torment.
You are vulnerable to heat. (rF-)
You are in touch with the powers of death.
You do not drink.
You have a special connection with the divine. (Faith)


Message History

Robin roars a battlecry!
The goblins go into a battle-frenzy!
You hear a shout! x2
You barely miss the goblin.
The goblin is heavily wounded.
You slash Robin!
An orc priest comes into view. It is wielding a +0 whip.
A rat comes into view.
The goblin hits you with a +0 club.
Unknown command.
You closely miss Robin.
Robin is almost dead.
You slash the goblin!
You kill the goblin!
Robin hits you with a +0 falchion. You block Natasha's attack.
You barely miss Robin.
Robin is almost dead.
You hit Natasha but do no damage. Robin hits you with a +0 falchion.
Natasha barely misses you.
Unknown command.
You barely miss Robin.
Robin is almost dead.
You hit Natasha. Robin hits you with a +0 falchion.
Natasha claws you but does no damage. Robin hits you with a +0 falchion.
You barely miss Robin.
Robin is almost dead.
You closely miss Natasha. Natasha claws you! Robin hits you with a +0 falchion.
* * * LOW HITPOINT WARNING * * *
You block Natasha's attack.
Unknown command.
You are too injured to fight recklessly!
You barely miss Natasha.
Natasha is lightly wounded.
You completely miss Robin.
A goblin comes into view. It is wielding a +0 club.
Robin hits you with a +0 falchion!
* * * LOW HITPOINT WARNING * * *
Natasha claws you!
You die...
Natasha begins licking her fur clean.

#.#.#<#
#.#.#.#
..#.#.#
....#.#
#####.# ..
#.#
#[.r#####.#


.g.ogohg#.# #@#.# #)#.# #...# #.### #.# #.# #.# #.# #.# You could see Robin,
Natasha, 2 orcs, a hobgoblin (strong), a goblin (strong) and a rat.

Vanquished Creatures
  Sigmund (D:2)
  2 adders (D:2)
  A worm (D:2)
  A ball python (D:3)
  2 bats
  5 endoplasms
  2 giant cockroaches
  7 hobgoblins
  3 jackals (D:1)
  A quokka (D:1)
  A frilled lizard (D:1)
  3 goblins
  8 kobolds
  5 rats
42 creatures vanquished.

Notes
Turn   | Place    | Note
-------+----------+-------------------------------------------
     0 | D:1      | grandjackal the Mummy Fighter began the quest for the Orb.
     0 | D:1      | Reached XP level 1. HP: 18/18 MP: 1/1
   240 | D:1      | Reached XP level 2. HP: 24/24 MP: 2/2
   759 | D:2      | Noticed Sigmund
   859 | D:2      | Reached XP level 3. HP: 29/29 MP: 3/3
   894 | D:2      | Found Zag Utiu's Weapon Boutique.
  1022 | D:2      | Found Xymas's Distillery.
  1026 | D:2      | Identified the ring of the Delightful God {+Blink rPois
                  | rC+++ Will- rCorr}
  1054 | D:2      | Killed Sigmund
  1055 | D:2      | Reached skill level 4 in Fighting
  1055 | D:2      | Reached XP level 4. HP: 23/37 MP: 4/4
  1055 | D:2      | Reached XP level 5. HP: 26/42 MP: 5/5
  1354 | D:2      | Found a faded altar of an unknown god.
  1552 | D:2      | Found Reaps's Book Emporium.
  1623 | D:2      | Found Zyudystu's Armour Boutique.
  1717 | D:2      | Found Neodalav's Book Boutique.
  2043 | D:3      | Noticed Robin
  2049 | D:3      | Noticed Natasha
  2059 | D:3      | Slain by Natasha

Illustrated notes

Levels and vault maps discovered:
D:1:      zelgadis_glass_arrival_large, layout_basic, minmay_misc_feat_five
D:2:      layout_basic, serial_shops, nicolae_shop_peninsula, shop, shop,
          nicolae_shop_real_fake_doors, shop,
          chequers_ecumenical_altar_simple_redux, grunt_ministairs_13,
          uniq_sigmund
D:3:      cheibrodos_pilgrimage, layout_loops_ring,
          minmay_fractal_squares_gapless_5, uniq_natasha, uniq_robin

Skill      XL: |  1  2  3 |
---------------+----------+-----
Axes           | 2 |  2.8
Fighting       | 4 |  4.1
Armour         | 3 |  3.3
Shields        | 3 |  3.3

Action                     |  1- 3 |  4- 6 || total
---------------------------+-------+-------++-------
  Melee: War axe           |    81 |    52 ||   133
 Armour: Scale mail        |    47 |    37 ||    84
  Dodge: Dodged            |    42 |    22 ||    64
  Block: Buckler           |    16 |    13 ||    29

Table legend: (Time is in decaauts)
 A = Elapsed time spent in this place.
 B = Non-inter-level travel time spent in this place.
 C = Inter-level travel time spent in this place.
 D = Time resting spent in this place.
 E = Time spent auto-exploring this place.
 F = Levels seen in this place.
 G = Mean time per level.
                   A        B        C        D        E       F      G
               +--------+--------+--------+--------+--------+-----+--------+
         Total |   2114 |   2037 |     77 |    182 |   1450 |   3 |  704.7 |
       Dungeon |   2114 |   2037 |     77 |    182 |   1450 |   3 |  704.7 |
               +--------+--------+--------+--------+--------+-----+--------+

Top non-repeatable levels by time:
     D:2: 1167 daAuts
     D:1: 864 daAuts
     D:3: 82 daAuts
